[Event "44th Chess Olympiad Open 2022"]
[Site "Chennai"]
[Date "2022.08.02"]
[Round "5.7"]
[White "Maghsoodloo, Parham"]
[Black "Yilmaz, Mustafa"]
[Result "1/2-1/2"]
[WhiteElo "2701"]
[BlackElo "2634"]
[Annotator "TA"]
[PlyCount "114"]
[EventDate "2022.??.??"]
[TimeControl "60"]

1. e4 c5 2. Nf3 d6 3. d4 cxd4 4. Nxd4 Nf6 5. Nc3 a6 6. Bg5 e6 7. f4 Qb6 8. a3 Nbd7 {[%emt 0:09:08] B97: Sicilian Najdorf: Poisoned Pawn.} (
8... Qxb2 $2 9. Na4 Qxa1 10. Qxa1 $18) 9. f5 {[%emt 0:00:13] was the old line 
(9.Bh4).} e5 (9... Qxb2 $2 10. Na4 Qxa1 11. Qxa1 $18) (9...
exf5 $11 10. exf5 Be7) 10. Nb3 $14 h6 {[%emt 0:05:57] White
is slightly better.} 11. Bh4 Be7 12. Qe2 Qc7 13. O-O-O b5 14. g4 Rb8 {[%emt 0:06:37] [#]} 15. Bxf6 $146 ({Predecessor:} 15. Bg2 b4 16. axb4 Rxb4 17. Be1 Bb7 18. Kb1
Nc5 19. Nxc5 Qxc5 20. b3 Rd4 21. h4 Rxd1+ 22. Qxd1 {½-½ (51) Bach,W (2174)
-Scharf,W (2023) GER email 2012}) 15... Nxf6 16. h4 b4 17. axb4 Rxb4 18.
Bg2 Bb7 19. g5 Nd7 20. Qh5 a5 (20... Nc5 $14
{is more appropriate.}) 21. Rh3 $16 a4 22. Nd2 Bc6 23. Bf1 Nb6 {[%emt 0:01:50] Against Bc4} 24. f6 gxf6 25. gxh6 ({White should try} 25. Rg3 $14 Bf8
26. gxf6) 25... Rh7 $1 $11 26. Rf3 Bf8 (26... d5 27. Bd3 Bd7 28. Rg1 $18 (28. Nxd5 Nxd5 29. exd5 Bg4
$11) (28. exd5 Bg4 $11)) 27. Rxf6 {[%emt 0:03:25] Strongly threatening Bh3.}
Qe7 28. Qg5 {[%emt 0:11:36] aiming for Bh3.} Nd7 29. Rf3 $36 {[%emt 0:05:16] White has good play.} Bxh6 30. Qf5 Rg7 (30... Qxh4 $2 31. Rh3 Bxe4 32.
Rxh4 $18) 31. Kb1 Rd4 (31... Qxh4 $2 32. Nc4
Qg4 33. Nxd6+ Kf8 34. Bh3 Qxf5 35. Nxf5 $18) 32. Nc4 {[%emt 0:03:11] Black
must now prevent Rxd4.} Rxd1+ 33. Nxd1 Rg6 (33... Qe6 $11 {remains equal.}) 34. Nc3 $1 $16 Rf6 35. Qh5 {[%emt 0:03:36] Threatens to win with Na5.
White is more active.} Rxf3 36. Qxf3 {[%emt 0:00:02] And now
Na5 would win.} Nc5 37. h5 Kf8 $1 38. Na5 Bd7 39. Qd1 Kg8 (39... a3 $1 $11 {keeps the balance.}) 40.
Nc4 {[%emt 0:00:50] Pair of Knights!} Bf8 {[%emt 0:00:30] [#]} 41. Nb6 $1 Be6 42. Bc4 Bxc4 43. Nxc4 Qh4 {[%emt 0:00:00] Inhibits Qg4+.} 44. Qf3 Qf4 45. Qe2 Kh8 46. Nb6 Bh6 47. Nbxa4 Nxa4 48. Nxa4 {[%emt 0:00:00] Endgame Nc3 is
the strong threat. KQB-KQN} d5 {[%emt 0:00:23] [#]} 49. Nc3 (
49. Nc5 $1 $16) 49... dxe4 $14 50. Nxe4 f5 (50... Bg7 $1 $14 {was preferrable.}) 51. Nf6 (51. Nd6 $16) 51... Kg7 (51... Bg5 $11 52. Nd7 e4) 52. Nd5 Qc1+ (52... Qd4 $1 $14 53. Qb5 Qd1+ 54. Ka2
Qxh5) 53. Ka2 $18 e4 54. Qa6 {[%emt 0:02:13]
Threatening mate with Qg6+.} Qg5 {[%emt 0:00:01] Against Qg6+} 55. Qe6 e3 $2 (55... f4 $18 56. Qxe4 Qxh5 57. Nxf4
Bxf4 58. Qxf4 Qc5) 56. Nxe3 Qxe3 57. Qxf5 Qe6+ $2 {[%emt 0:00:11] Weighted Error Value: White=0.09 
(flawless) / Black=0.26 (precise) . An unexpected result.} 1/2-1/2

[Event "44th Chess Olympiad Open 2022"]
[Site "Chennai"]
[Date "2022.08.02"]
[Round "5.7"]
[White "Idani, Pouya"]
[Black "Sanal, Vahap"]
[Result "1-0"]
[WhiteElo "2641"]
[BlackElo "2574"]
[Annotator "TA"]
[PlyCount "67"]
[EventDate "2022.??.??"]
[TimeControl "60"]

1. e4 e5 2. Nf3 Nc6 3. Bb5 a6 4. Ba4 Nf6 5. O-O Be7 6. d3 b5 7. Bb3 d6 8. c3 O-O 9. a4 {[%emt 0:00:12] White wants to play
axb5.9.h3 is setting a new trend. C84: Closed Ruy Lopez: Unusual White 6th
moves.} Bd7 10. Bc2 Re8 11.
Re1 {[%emt 0:00:14] The position is equal.} Bf8 12. Bg5 {
[%emt 0:00:13] [#]} Rb8 $146 ({Predecessor:} 12... h6 13. Bh4
Be7 14. Nbd2 Nh5 15. axb5 axb5 16. Rxa8 Qxa8 17. Bxe7 Rxe7 18. d4 Nf6 {½-½ 
(42) Anand,V (2776)-Tomashevsky,E (2731) Moscow 2016}) 13. Nbd2 h6 14. Bh4 g5 15. Bg3 Ne7 16. axb5 axb5 17. Nf1 Ng6 18. Ne3 Nf4 19. d4 N6h5 20. h3 Qc8 (20... Bg7 $11) 21. Nh2 (21. h4 $14)
21... Bg7 (21... exd4 $1 $11 22. cxd4 Bg7) 22. Bxf4 $14 Nxf4 23. d5 $1 Ra8 24. Rb1 f6 25. g3 (
25. Nhf1 {is interesting.} Kf7 26. Ng3 Rh8 27. Ngf5) 25... Ng6 {[%emt 0:00:08]
[#]} 26. Qh5 $1 Ne7 (26... Kh7 $142) 27. Nhg4
$16 {[%emt 0:09:12] White is more active.} Kh7 $2 {[%emt 0:00:31] [#]} (27...
Rf8 $16) 28. Nxf6+ $1 $18 Bxf6 (28... Kh8 29.
h4) 29. Qf7+ Bg7 {[%emt 0:03:23][%cal Ye8f8] Strongly
threatening ...Rf8!} 30. Nf5 Nxf5 (30... Bxf5
$2 31. exf5 Nxf5 32. Bxf5+ Kh8 33. Bxc8) (30... Rg8 $142 31. Nxe7 Qf8 32. Qxg8+
Qxg8) 31. exf5 {[%emt 0:00:08][%cal Ye4f5,Yf5f6] Intending f6+ and mate.} Rg8 32. Qg6+ Kh8 {[%emt 0:00:01] aiming for ...
Be8.} 33. f6 e4 34.
Bxe4 {[%emt 0:00:07] Weighted Error Value: White=0.04 (flawless) /Black=0.53}
1-0

[Event "44th Chess Olympiad Open 2022"]
[Site "Chennai"]
[Date "2022.08.02"]
[Round "5.7"]
[White "Can, Emre"]
[Black "Tabatabaei, M. Amin"]
[Result "1/2-1/2"]
[WhiteElo "2606"]
[BlackElo "2664"]
[Annotator "TA"]
[PlyCount "95"]
[EventDate "2022.??.??"]
[TimeControl "60"]

1. d4 Nf6 2. c4 e6 3. g3 Bb4+ 4. Nd2 O-O 5. Bg2 d5 6. Ngf3 b6 7. O-O Bb7 8. Ne5 h6 {
[%emt 0:01:16] 8...a5 is becoming the main line. E16: Queen's Indian: 4 g3 Bb7
5 Bg2 Bb4+.} 9. Qc2 {[%emt 0:03:44] [#]} Bd6 $146 ({
Predecessor:} 9... Be7 10. cxd5 exd5 11. b3 c5 12. Bb2 Na6 13. Rac1 Qc8 14.
Rfd1 Qe6 15. Nd3 Nb4 16. Qb1 Nxd3 17. exd3 {½-½ (25) Ivanchuk,V (2741)
-Eljanov,P (2751) Astrakhan 2010}) 10. cxd5 exd5 {[%emt 0:00:
00] White has an edge.} 11. Ndc4 Re8 12. b3 Na6 13. Bb2 Ne4 {[%emt 0:00:
00] Threatens to win with ...Nb4.} 14. Nxd6 cxd6 15. Nd3 Rc8 16. Qd1 Qd7 17. Rc1 Nc7 18. f3 Nf6 19. Qd2 Re7 20.
Rfe1 Rce8 21. a4 Ba6 22. e3 g5 (22... Rc8 $142)
23. Nf2 $1 $16 Bb7 24. Bh3 Qd8 25. Qc3 Bc8 (25... Ne6
$16 26. Qd2 Rc7) 26. Bxc8 $1 $18 Qxc8 {[%emt 0:00:05] [#]} 27.
e4 {[%emt 0:00:08] Against Qf5} Qb7 28. e5 dxe5 29. dxe5 d4 30. Qd3 (30. Qxd4 $6 Qxf3 31. Rf1 Ne6 $16) 30... Nd7 31. Ng4 (31. Bxd4 Ne6 $16) 31... Re6 32. Qxd4 ({Don't take} 32. Bxd4 Nd5 $18) 32... Na6 $2 (32... Nc5 {was called for.} 33. Nf6+ Rxf6) 33. f4 f5 34. Ne3 gxf4 (
34... Ndc5 $142 35. Qc4 (35. Nxf5 Nxb3 36. Qc3 Nxc1 $16) 35... Qe4 36. Qxe4
fxe4) 35. gxf4 $2 ({Less strong is} 35. Qxf4 Nxe5 36. Bxe5
Rxe5 $18) (35. Nxf5 Ndc5 36. Nd6) 35... Nac5 (35... Ndc5 $142)
36. Nxf5 Nxb3 {[%emt 0:00:36] [#]} 37. Qc3 {[%emt 0:01:30]
Threatening mate with Qg3+.} Rg6+ 38. Ng3 Nxc1 {[%emt 0:00:08] [#]} 39. Rxc1 $2 (39. e6 $1 $18 Nf6 40. f5) 39... Qd5 (39... Qe4 $11) 40.
Qc2 (40. f5 $16 Rg4 41. e6 Qc5+ 42. Kg2 Qxc3 43. Rxc3) 40...
Rg4 $11 {[%emt 0:05:55] aiming for ...Qc5+. The position is equal.} 41. Qf5 Rg7 {[%emt 0:01:09] Strongly threatening ...Nc5.} 42. Qh5 Nf6 43. Qxh6 Qd3 44. exf6 {[%emt 0:05:59][%csl Gb2,Gf6][%cal Rh6g7] Really sharp!} Rxg3+ 45. hxg3 Qxg3+ 46. Kh1 {
[%emt 0:00:29][%cal Yf6f7] Intending f7+! and mate.} Qf3+ 47.
Kg1 Qg3+ 48. Kh1 {
[%emt 0:00:04] Black escapes into a draw. Weighted Error Value: White=0.29 
(precise) /Black=0.27 (precise)} 1/2-1/2

[Event "44th Chess Olympiad Open 2022"]
[Site "Chennai"]
[Date "2022.08.02"]
[Round "5.7"]
[White "Ali Marandi, Cemil Can"]
[Black "Daneshvar, Bardiya"]
[Result "0-1"]
[WhiteElo "2561"]
[BlackElo "2490"]
[Annotator "TA"]
[PlyCount "146"]
[EventDate "2022.??.??"]
[TimeControl "60"]

1. d4 d5 2. Nf3 Nf6 3. Bf4 c5 4. e3 Nc6 5. Nbd2 cxd4 6. exd4 Bg4 7. c3 a6 {[%emt 0:02:52]
B13: Caro-Kann: Exchange Variation and Panov-Botvinnik Attack.} 8. Qb3 Na5 9. Qc2 Bxf3 {[%emt 0:00:
00] White is slightly better.} 10. Nxf3 {[%emt 0:00:11] [#]} g6 $146 ({Predecessor:} 10... e6 11. Bd3 Bd6 12. Ne5 O-O 13. O-O Rc8 14. Rae1
Nc6 15. Qe2 Re8 16. Qf3 Bxe5 17. dxe5 {1-0 (35) Vachier Lagrave,M (2751)
-Musovic,A (2282) Chess.com INT 2021}) 11. Bd3 Bg7 12. h3 Rc8 13. O-O O-O 14. Rfe1 e6 15. Rad1 Nc4 16. Bxc4 Rxc4 17. Ne5 Rc8 18. Qc1 Ne4 19. f3 Nd6 20. Bh6 Nf5 21. Bxg7 Kxg7 22. Qf4 h5 23. g4 g5 24. Qd2 (24. Qh2 {looks sharper.} hxg4 25.
hxg4 Rh8 26. Qf2) 24... hxg4 25. fxg4 Nd6 26. Nd3 Ne4 27. Qh2 Qc7 28. Qxc7 Rxc7 29. Kg2 Rh8 30. Rf1 Rh6 31. Rde1 Rf6 (31... a5 {
is interesting.} 32. a4 Rf6 33. Rh1 Rc4) 32. Rxf6 Kxf6 $11 {
[%emt 0:00:41] Endgame KRN-KRN} 33. Nf2 Nd6 34. Nd3 b6 (34... Rc8 $15) 35. Nf2 ({White should try} 35. Rh1 $11) 35... Rc8 36. Kg3 Rh8 37. Kg2 Ke7 38. Re2 f6 39. Re1 Kd7 40. Re2 a5 41. a3 Ke7 42. Re1 Nc4 43.
Re2 Kd6 44. Nd1 e5 45. Rf2 Ke6 46. a4 Rb8 47. Re2 b5 48. axb5 (48. b3 $17 Nd6 49. axb5) 48... Rxb5 $19 49.
h4 gxh4 50. Kh3 e4 51. Kxh4 a4 {[%emt 0:00:00] Threatens to win with ...
Rb8.} 52. Kg3 Rb3 53. Rc2 {[%emt 0:00:00] [#]
} (53. Kf4 $15) 53... a3 {[%emt 0:00:00] Black is more active.} (53... f5 $142
$1 {aiming for ...fxg4.} 54. gxf5+ Kxf5) 54. bxa3 $17 Rxa3 {
[%emt 0:00:00] White must now prevent ...Ra1.} 55. Re2 (55.
Nf2 $15) 55... Ra1 56. Ne3 (56. Nb2 $17)
56... Nxe3 $19 57. Rxe3 {[%emt 0:00:02] KR-KR} f5 58. gxf5+ Kxf5 {[%emt 0:00:13] Hoping for ...Rc1.} 59.
Re2 Rc1 60. Rh2 Rxc3+ 61. Kf2 Rc2+ $2 (61... e3+ {
mates} 62. Kf3 e2+ 63. Kf2 Ke4 64. Rh4+ Kd3 65. Rh1 Rc2 66. Kg3 Kxd4 67. Kf4
Kd3 68. Rg1 d4 69. Rh1 Kd2 70. Rh2 d3 71. Rg2 Kc3 72. Rg1 d2 73. Rg5 e1=Q 74.
Rg8 Qf2+ 75. Ke5 Qc5+ 76. Kf6 d1=Q 77. Rg3+ Kd4 78. Rh3 Qf8+ 79. Kg5 Qg7+ 80.
Kh4 Qgg4#) 62. Ke3 {[%emt 0:00:05] [#]} Rc3+ $2 ({Black
should play} 62... Rc1 $1 $19 {[%cal Rc1c3] ( -> ... Rc3+)} 63. Rh5+ Ke6 64.
Rh6+ Kd7) 63. Ke2 $2 (63. Kf2 $11 Rf3+ 64. Kg2) 63... Rd3 {
[%emt 0:00:33] Black mates.} 64. Rh5+ Ke6 65.
Rh6+ Kd7 66. Rg6 Rxd4 67. Ke3 Rd3+ 68. Kf4 e3 69. Rg3 d4 70. Ke4 Rd2 71. Kd5 e2 72. Rg7+ Ke8 73. Ke6 e1=Q+ {[%emt 0:00:13] Weighted Error Value: White=0.43/Black=0.
09 (flawless)} 0-1

[Event "44th Chess Olympiad Open 2022"]
[Site "Chennai"]
[Date "2022.08.02"]
[Round "5.8"]
[White "Abdusattorov, Nodirbek"]
[Black "Pechac, Jergus"]
[Result "1-0"]
[WhiteElo "2688"]
[BlackElo "2594"]
[Annotator "TA"]
[PlyCount "53"]
[EventDate "2022.??.??"]
[TimeControl "60"]

1. e4 e5 2. Nf3 Nc6 3. Bb5 Nge7 4. O-O g6 5. d4 exd4 6. Nxd4 Bg7 7. Nxc6 {[%emt 0:00:38] C60: Ruy Lopez: Unusual
Black 3rd moves and 3...g6.} bxc6 8. Ba4 O-O 9. Nc3 {[%emt 0:00:04] White has an edge.} Rb8 10. Re1 d6 11. Bb3 Be6 {
[%emt 0:04:08] [#]} 12. Ne2 $146 ({Predecessor:} 12. Bg5 h6
13. Bh4 g5 14. Bg3 Ng6 15. Qd3 Qc8 16. Rab1 Re8 17. Ne2 c5 18. Nc3 {½-½ (24)
German,N (2106)-Poleg,D (2321) Khanty-Mansiysk 2016}) 12... c5 13. Nf4 Bxb3 (13... Bd7 $11 {should be
considered.}) 14. axb3 $14 Nc6 15. c3 a5 16. Nd5 Ra8 17. Ra4 Ne5 18. Bf4 Re8 19. Bxe5 Bxe5 20. Ne3 Qb8 ({Don't
take} 20... Qh4 21. g3 Qd8 22. Qd5 $16) 21. Qc2 (21. Nc4 $14)
21... c6 22. g3 Qb5 (22... Bg7 $14) 23. Nc4 $16 {[%emt 0:01:31] [#] And now f4 would win.}
Reb8 (23... Rad8 $16) 24. f4 {[%emt 0:00:18] White is clearly
better.} Bf6 25. Nxd6 Qxb3 26. Qxb3 Rxb3 {[%emt 0:00:07] [#]} 27. Nc4 $1 {[%emt 0:00:56]
Weighted Error Value: White=0.14 (very precise) /Black=0.18 (very precise)} 1-0

[Event "44th Chess Olympiad Open 2022"]
[Site "Chennai"]
[Date "2022.08.02"]
[Round "5.8"]
[White "Sindarov, Javokhir"]
[Black "Druska, Juraj"]
[Result "1-0"]
[WhiteElo "2629"]
[BlackElo "2519"]
[Annotator "TA"]
[PlyCount "75"]
[EventDate "2022.??.??"]
[TimeControl "60"]

1. e4 c6 2. d4 d5 3. exd5 cxd5 4. c4 Nf6 5. Nc3 g6 6. cxd5 Bg7 7. Bb5+ Nbd7 8. d6 exd6 9. Qe2+ Qe7 10.
Bf4 d5 11. Bd6 {[%emt 0:13:09][%csl Gd6]
[%cal Re2e7] B14: Caro-Kann: Panov-Botvinnik Attack with 5...e6 and 5...g6.}
Qxe2+ 12. Ngxe2 a6 13. Ba4 {
[%emt 0:00:29] White is slightly better.} b5 14. Bb3 Nb6 15. a4 bxa4 16.
Nxa4 Nxa4 (16... Nc4 $2 17. Bxc4 dxc4 18. Nb6
$18) 17. Bxa4+ Bd7 {[%emt 0:00:06] [#]} 18. Nc3 $146 ({Predecessor:} 18. f3 Bxa4 19. Rxa4 Kd7 20. Be5 Ne8 21. Kd2 Bxe5 22.
dxe5 Nc7 23. Nd4 Rab8 24. b3 {½-½ (43) Tassopoulos,M (2265)-Goumas,G (2121)
Athens 2006}) 18... O-O-O {[%emt 0:11:06] [#] Strongly threatening ...Bxa4.}
19. Be5 $1 Nh5 20. Bxd7+ Kxd7 21. Rxa6 f6 22. Ra7+ (22. Nxd5 fxe5 23. g4 Nf4 24. Ra7+ (24. Nxf4 $2 Ra8 $19) 24...
Kd6 25. Nxf4 {[#]} Ra8 $1 26. Rxg7 (26. dxe5+ $2 Bxe5 27. Rxa8 Rxa8 $19) 26...
Ra1+ 27. Ke2 Rxh1 28. dxe5+ Kxe5 $17) 22... Ke6 23. Bc7 {
[%emt 0:00:15] 0x0.001f211afbd2dp-1022s more active pieces.} Ra8 24. Rxa8 Rxa8 25. Kd2 Bh6+ (25... Bf8 $16) 26. Kc2 $18 Kd7 27. Bg3 (27. Nxd5 Kc6 28. Nxf6 (28. Nb6 Re8
$17) 28... Nxf6 $17) 27... f5 28. Be5 ({
Much less strong is} 28. Nxd5 Kc6) 28... Kc6 29. b4 Nf4 30. b5+ Kb7 31. Bxf4 Bxf4 {[%emt 0:00:01] Endgame KRB-KRN}
32. Re1 {[%emt 0:00:08] And now Re7+ would win.} ({Don't take} 32. Nxd5 $6 Ra2+
33. Kb3 Rxf2 $16) 32... Bxh2 $2 (32... Bd6 33. Re6 (33. Nxd5
Ra2+ 34. Kb3 Ra3+ 35. Kc4 Ra4+ 36. Kd3 Ra3+ 37. Nc3 Bb4 $16) 33... Rd8 34. Nxd5
Ba3) 33. Rh1 Bd6 34. Rxh7+ Kb6 35. Rg7 {[%emt 0:00:05] White is clearly winning.} Ka5 36. Rxg6 Bh2 37. Rh6 Bg1 38. Rh1 {[%emt 0:00:00] Weighted Error
Value: White=0.02 (flawless) /Black=0.31} 1-0

[Event "44th Chess Olympiad Open 2022"]
[Site "Chennai"]
[Date "2022.08.02"]
[Round "5.8"]
[White "Gazik, Viktor"]
[Black "Yakubboev, Nodirbek"]
[Result "0-1"]
[WhiteElo "2544"]
[BlackElo "2620"]
[Annotator "TA"]
[PlyCount "80"]
[EventDate "2022.??.??"]
[TimeControl "60"]

1. e4 e5 2. Nf3 Nc6 3. d4 exd4 4. Nxd4 Bc5 5. Nb3 Bb6 6. Nc3 Nf6 7. Qe2 {[%emt 0:05:12] C45: Scotch Game.} a5 {[%emt 0:00:06]
Strongly threatening ...a4.} 8. a4 O-O 9. Be3
{[%emt 0:15:07] The position is equal.} Bxe3 10. Qxe3 d6 {[%emt 0:05:26] [#]} 11. Be2 $146 ({
Predecessor:} 11. O-O-O Re8 12. f3 Nd7 13. g4 Nb6 14. Nd4 Nxd4 15. Qxd4 Bd7 16.
h4 Qe7 17. b3 {1-0 (42) Hakobyan,A (2554)-Petrosyan,M (2581) Manavgat 2018})
11... Re8 12. O-O-O Qe7 13. Rhe1 Nb4 14. h3 Bd7 (14... Nxe4 $2 15. Bb5 Bf5 16.
Bxe8 Nxc2 17. Qf4 (17. Kxc2 Nc5+ 18. Ne4 Bxe4+ 19. Kc1 Nxb3+ 20. Qxb3 Rxe8 $16)
17... Nxe1 18. Rxe1 $18) 15. Bf1 Bc6 16. Nd4 Qd7 (16... Bxe4 $2 17. f3 $16
) 17. Qf3 ({White should try} 17. Bb5 $14) 17... Re5 18. Nxc6 Qxc6 19. Kb1 Qc5 20. Bd3 Rae8 21. Qe3 Qxe3 22. Rxe3 c6 23. f4 R5e7 24. Rf3 d5 25. e5 (25. exd5 $1 $11 Nfxd5 26. Nxd5 Nxd5
27. g4) 25... Nd7 $15 26. Bf5 Nc5 {[%emt 0:
00:00] And now ...g6 would win.} 27. h4 g6 28. Bh3 f6 29. exf6 Re1 {
[%emt 0:00:02] aiming for ...d4.} 30. f5 $2 {[%emt 0:02:27] [#]} (30. Rf1 $17
Rxf1 31. Rxf1) 30... Kf7 $2 ({Black should play} 30... R8e2 $1
$19 {White must now prevent ...Rxd1+.} 31. fxg6 (31. Rc1 Rxc1+) 31... hxg6 $1)
31. fxg6+ hxg6 32. Rf1 Rxd1+ 33. Nxd1 Ne4 {[%emt 0:00:00] Hoping for ...
Nd2+.} 34. Rf4 {[%emt 0:00:24] [#]} d4 $1 {[%emt 0:01:36] Threatens to win
with ...d3. Black has strong compensation. Black is more active.} 35. c3 $2 (35. h5 $17 gxh5 36. Bf5) 35... Nd2+ {[%emt 0:01:28] Pair of
Knights!} 36. Ka1 Nd3 37. Rg4 (37. Rxd4 $19 Nb3+ 38. Kb1 Nxd4 39. cxd4) 37... Re1 {[%emt 0:00:18] Black
mates.} 38. Ka2 Nc1+ 39. Ka1 Ncb3+ 40. Ka2 Rxd1 {[%emt 0:00:05] Weighted
Error Value: White=0.50/Black=0.24 (precise)} 0-1

[Event "44th Chess Olympiad Open 2022"]
[Site "Chennai"]
[Date "2022.08.02"]
[Round "5.8"]
[White "Repka, Christopher"]
[Black "Vakhidov, Jakhongir"]
[Result "0-1"]
[WhiteElo "2516"]
[BlackElo "2564"]
[Annotator "TA"]
[PlyCount "142"]
[EventDate "2022.??.??"]
[TimeControl "60"]

1. Nf3 g6 2.
e4 c5 3. d4 cxd4 4. Nxd4 Bg7 5. c4 Nc6 6. Be3 Qb6 $1 {[%emt 0:00:06][%cal Rc6d4]
is more profitable than 6...Nf6 at the moment.} 7. Nb3 {[%emt 0:00:30] B38:
Sicilian: Maroczy Bind with 5...Bg7 and 7...0-0.} Qd8 8. Qd2 Nf6 9. Nc3 {[%emt 0:00:07] White is slightly
better.} Ng4 10. Bf4 d6 11.
h3 Nf6 {[%emt 0:00:07] [#]} 12. Be2 $146 ({
Predecessor:} 12. Bh6 O-O 13. Bxg7 Kxg7 14. O-O-O Be6 15. Kb1 Rc8 16. Qe3 {
0-1 (51) Klimkowski,J (2350)-Malek,J (2230) Sypniewo 2022}) 12... O-O 13. O-O Be6 14. Rad1 Nd7 15. Be3 (15. Nd5 {seems wilder.} a5 16.
Bh6 a4 17. Bxg7 Kxg7 18. Nd4) 15... Rc8 16. f4 {[%emt 0:10:33]
Against Nce5} (16. Nd5 {feels hotter.} a5 17. Bh6 Bxh6 18. Qxh6 a4 19. Nd4)
16... Na5 $1 17. Nxa5 ({Avoid the trap} 17.
Bxa7 $2 Nxc4 18. Qc1 Nxb2 $1 19. Qxb2 Bxc3 $19) 17... Qxa5 18.
Nd5 Qxd2 $1 19. Nxe7+ Kh8 20. Bxd2 Rce8 {[%emt 0:00:16] [#]} 21. Bb4 $1 Rxe7 22. Bxd6 Ree8 23. Bxf8 Nxf8 24. e5 f6 25. exf6 Bxf6 26. Rd2 Be7 {[%emt 0:04:37] Black has compensation. This bishop pair
is nice.} 27. Rfd1 Bc5+ 28. Kh1 Kg7 29. Bf3 Re7 (29...
Bxc4 $2 30. Rc2 $18) 30. Re2 b6 (30... Bxc4
$2 31. Rc2 $18) 31. Bd5 Rd7 32. Red2 Be3 33. Rd3 Bxd5 $1 ({Don't do} 33... Bxf4 34. Bxe6 Rxd3 35. Rxd3 $14) 34.
Rxd5 Rc7 35. f5 Rxc4 36. fxg6 hxg6 37. Re1 Bc5 38. Re2 {[%emt 0:02:30] Against Rc2} a5 39. g3 Rc1+ 40. Kg2 Rg1+ 41. Kh2 Rf1 42. Kg2 Rf7 43. Rd3 Nh7 44. Rd8 Nf6 45.
Rd3 Ng8 46. Red2 Bb4 47. Re2 Nh6 48. a3 Bc5 49. Red2 Nf5 50.
Re2 {[%emt 0:00:00] Prevents Ne3+.} g5 51. Re4 Nd6 52. Re2 {[%emt 0:00:00] Prevents Rf2+.} a4 53. Rf3 Nc4 54. Rc3 b5 55. b3 axb3 56. Rxb3 Rb7 57. Kf3 (57. Re8 $11 {
keeps the balance.}) 57... Bxa3 $17 {[%emt 0:00:22] Black is more active.} 58.
Kg4 {[%emt 0:00:03] [#]} (58. Rc2 $17) 58... Be7 (58... b4 $1
$19 {And now ...Na5 would win.} 59. Re1 Rb5) 59. Rxe7+ Rxe7 60. Rxb5 $15 {[%emt 0:00:04] Endgame KRN-KR} Kh6 61. Rc5 Re4+ 62. Kf3 Nd2+ 63. Kf2 Re6 {[%emt 0:00:42] Prevents
Rc6. ( -> ... Ne4+)} 64. Rb5 Rf6+ 65. Kg2 {
[%emt 0:00:08] [#]} Ne4 (65... Nf3 $1 $17 66. Rd5 Rf7) 66. Rb2 ({White should try} 66. g4 $1 $15) 66... Kg6 67. Ra2 Rc6 68. Kf3 Kf5 {
[%emt 0:00:00] White must now prevent ...Rc3+.} 69. Ra5+ Rc5 70. Rxc5+ Nxc5 71. Ke3 $2 (71. g4+ $17 Ke5 72. Kg3 Ne4+ 73. Kf3) 71... Nb3 {[%emt 0:00:
00] Weighted Error Value: White=0.09 (flawless) /Black=0.06 (flawless)} 0-1

[Event "44th Chess Olympiad Open 2022"]
[Site "Chennai"]
[Date "2022.08.02"]
[Round "5.9"]
[White "Giri, Anish"]
[Black "Hansen, Eric"]
[Result "1-0"]
[WhiteElo "2760"]
[BlackElo "2606"]
[Annotator "TA"]
[PlyCount "80"]
[EventDate "2022.??.??"]
[TimeControl "60"]

1. d4 d5 2. c4 e6 3. Nf3 Nf6 4. g3 Bb4+ 5. Bd2 Be7 6. Bg2 O-O 7. O-O dxc4 {[%emt 0:04:25] E11:
Bogo-Indian.} 8. Qa4 {[%emt 0:08:55] is the legacy move (8.Qc2).} (8. Qc2 {
keeps more tension.} b5 9. Ne5 Nd5 10. a4) 8... Bd7 9. Qxc4 Bc6 {[%emt 0:00:04] White has an edge.} 10. Rc1 $5 {[%emt 0:00:
00] [#] Leaves trodden paths.} Nbd7 $146 ({Predecessor:} 10...
Ne4 11. Be1 Nd6 12. Qc2 Nd7 13. Nbd2 Nf6 14. e3 Rc8 15. Ne5 Bxg2 16. Kxg2 Nf5 {
½-½ (72) Riediger,M (2252)-Sandholzer,R (2095) Austria 2010}) 11. Nc3 a6 12. Bf4 Rc8 13. a3 Nd5 14. b4 N7b6 15. Qd3 Nxc3 (15... Nxf4 {
feels hotter.} 16. gxf4 f5 17. Ne5 Bxg2 18. Kxg2 Bd6) 16. Rxc3 Nd5 17. Rxc6 {[%emt 0:01:24] Rc2 is the strong threat.} Nxf4 18. gxf4 {[%emt 0:00:15] Strongly threatening Rc2.} bxc6 19. Rc1 Bd6 20. e3 h6 21. Qxa6 Ra8 22.
Qd3 g5 23. fxg5 (23. Rxc6
gxf4 24. e4 Kh8 $15) 23... hxg5 24. h3 f5 25. Rxc6 Qf6 26. Nd2 (26. Ne5 $14) 26... g4 $11 27. hxg4 fxg4 28. Ne4 ({Much
worse is} 28. f4 gxf3 29. Nxf3 Rf7 $19) 28... Qf5 (28... Qh6
$11 29. Rc2 (29. Nxd6 cxd6 30. Rxd6 Qh4 $11) 29... Qh2+ 30. Kf1 g3 31. Nxd6
cxd6) 29. Rc2 Ra7 (
29... Qh7 $2 30. Nf6+ $1 Rxf6 31. Qxh7+ Kxh7 32. Bxa8 $18) 30. Rd2 Be7 (30... Qh5 $14) 31. Ng3 (31. Qb3 $1
$16) 31... Qg5 (31... Qxd3 $11 {remains equal.} 32. Rxd3 Kf7)
32. Qb3 $16 Kh8 {[%emt 0:00:00] [#]} 33. d5 $1 Rd8 34. Rd3 exd5 35. Bxd5 ({Don't do} 35. Rxd5 Rxd5 36. Bxd5 Bd6) 35... Qe5 36. Qc4 {[%emt 0:04:18] Inhibits c5.} (36. Be4 $142 {White threatens Qf7
and mate.} Rxd3 37. Qxd3) 36... Bh4 {[%emt 0:00:59] [#]} 37. Ne2 (37. e4 $1 $16) 37... Bg5 (37... Qf6 $1 $11 {keeps the
balance.} 38. Nf4 g3 39. fxg3 Bxg3) 38. Kg2 Rd6 (38... c5 $142) 39. Nf4 {[%emt 0:03:48] aiming for Qc5. Really sharp!}
Bxf4 $4 (39... g3 $16) 40. exf4 $18 Qf6 {
[%emt 0:00:00] Weighted Error Value: White=0.22 (precise) /Black=0.33} 1-0